 Dungeon Crawl Stone Soup version 0.31-a0-237-g2d982f9f85 (webtiles) character file.

Game seed: 10342487726095126325

258 qw the Shooter (level 6, -1/37 HPs)
             Began as a Gargoyle Hexslinger on July 11, 2023.
             Slain by Duvessa
             ... wielding a +0 short sword
              (2 damage)
             ... on level 3 of the Dungeon.
             The game lasted 00:00:57 (2178 turns).

qw the Shooter (Gargoyle Hexslinger)                Turns: 2178, Time: 00:00:58

Health: -1/37      AC: 14    Str:  9 (12) XL:     6   Next: 16%
Magic:  7/7        EV: 12    Int: 11 (13) God:
Gold:   187        SH:  0    Dex: 14      Spells: 6/7 levels left

rFire   . . .        Y - +4 shortbow
rCold   . . .        (shield currently unavailable)
rNeg    + . .        k - +2 robe {Will+}
rPois   inf          h - +0 helmet
rElec   +            (no cloak)
rCorr   .            (no gloves)
SInv    .            q - +0 pair of boots
Will    +....        (no amulet)
Stlth   +            a - +4 ring of protection
HPRegen 0.26/turn    (no ring)
MPRegen 0.10/turn

%: no passive effects
@: no status effects
A: sickness immunity, AC +4, negative energy resistance 1, electricity
resistance, torment resistance 1, petrification resistance
a: no special abilities


You were on level 3 of the Dungeon.
You visited 1 branch of the dungeon, and saw 4 of its levels.

You collected 187 gold pieces.


Innate Abilities, Weirdness & Mutations

You are immune to sickness and miasma.
Your stone body is resilient. (AC +4)
You are immune to poison.
You resist negative energy. (rN+)
You are resistant to electric shocks. (rElec)
You are resistant to unholy torment.
You are immune to petrification.


   Skills:
 - Level 3.0 Fighting
 + Level 5.7 Ranged Weapons
 - Level 1.5 Dodging
 - Level 1.0 Spellcasting
 - Level 2.6 Hexes


You had 6 spell levels left.
You knew the following spells:

 Your Spells              Type           Power      Damage    Failure   Level
a - Slow                  Hex            24%        N/A       11%         1

Your spell library contained the following spells:

 Spells                   Type           Power      Damage    Failure   Level
 Inner Flame              Hex/Fire       3%         N/A       50%         3
 Portal Projectile        Hex/Tloc       6%         N/A       50%         3
 Cause Fear               Hex            3%         N/A       71%         4

Inventory:

Hand Weapons
 Y - a +4 shortbow (weapon)
Armour
 h - a +0 helmet (worn)
 k - a +2 robe of willpower (worn)
 q - a +0 pair of boots (worn)
Jewellery
 a - a +4 ring of protection (left hand)
Scrolls
 i - a scroll of identify
 o - 3 scrolls of teleportation
Potions
 b - a potion of curing
 c - a potion of heal wounds
 d - a potion of mutation
 f - a potion of lignification {unknown}
 g - a potion of magic {unknown}
 j - a potion of might {unknown}
 l - a potion of attraction {unknown}
 m - a potion of berserk rage {unknown}
 n - a potion of resistance {unknown}

Dungeon Overview and Level Annotations

Branches:
Dungeon (4/15)
 Temple: D:4-7

Altars:

Shops:
D:2 *

Annotations:
D:3 Duvessa


Message History

You hear a distant scream of rage.
You feel your dexterity returning.
You have reached level 6!
You start resting.
Duvessa, Sister of Dowan comes into view.
She is wielding a +0 short sword and carrying a wand of flame (19).
You shoot an arrow. The arrow hits Duvessa.
Duvessa is lightly wounded.
Duvessa goes berserk!
You shoot an arrow.
The arrow hits Duvessa but does no damage.
Duvessa is lightly wounded.
Duvessa rages.
You shoot an arrow. The arrow hits Duvessa!
Duvessa is moderately wounded.
Duvessa completely misses you. Duvessa hits you but does no damage.
A dart slug comes into view.
You shoot an arrow. The arrow hits Duvessa.
Duvessa is moderately wounded.
Duvessa hits you with a +0 short sword.
2171 ||| STAIRDANCE Duvessa hits you with a +0 short sword!
The dart slug launches a dart at you. The slug dart misses you.
Duvessa barely misses you.
You climb upwards.
There is a stone staircase leading down here.
You shoot an arrow. The arrow hits Duvessa.
Duvessa is heavily wounded.
Duvessa hits you with a +0 short sword. x2
You shoot an arrow. The arrow closely misses Duvessa.
Duvessa hits you with a +0 short sword.
You shoot an arrow. The arrow barely misses Duvessa.
Duvessa barely misses you. Duvessa closely misses you.
You shoot an arrow. The arrow closely misses Duvessa.
Duvessa barely misses you.
You shoot an arrow. The arrow barely misses Duvessa.
Duvessa hits you but does no damage. x2
You shoot an arrow. The arrow hits Duvessa.
Duvessa is heavily wounded.
Duvessa hits you with a +0 short sword! Duvessa hits you with a +0 short sword.
You die...

####### #####
#@....## #<..#
#e.....#####!#
#.##.....)##)#####
#.......#.).).)...
#.####.#####)#####
######.####.# #.#
#...........# #.#
#.####.##########.#
#.................#


You could see Duvessa (berserk, fast).

Vanquished Creatures
  Dowan (D:4)
  A hound (D:3)
  Jessica (D:3)
  Terence (D:3)
  Robin (D:3)
  4 adders
  2 dart slugs
  An orc (D:3)
  10 endoplasms
  A giant cockroach (D:1)
  11 goblins
  9 hobgoblins
  4 jackals (D:3)
  14 kobolds
  4 ball pythons
  6 bats
  2 frilled lizards
  3 rats
76 creatures vanquished.

Notes
Turn   | Place    | Note
-------+----------+-------------------------------------------
     0 | D:1      | qw the Gargoyle Hexslinger began the quest for the Orb.
     0 | D:1      | Reached XP level 1. HP: 12/12 MP: 2/2
     0 | D:1      | 0 ||| qw: Version: 0.3-a-52-g30416fa
     0 | D:1      | 0 ||| qw: Game counter: 5826
     0 | D:1      | 0 ||| qw: Melee chars always use a shield: true
     0 | D:1      | 0 ||| qw: God list: Okawaru
     0 | D:1      | 0 ||| qw: Allow faded altars: false
     0 | D:1      | 0 ||| qw: Do Orc after clearing Dungeon:15 true
     0 | D:1      | 0 ||| qw: Do second Lair branch before Depths: true
     0 | D:1      | 0 ||| qw: Lair rune preference: random
     0 | D:1      | 0 ||| qw: Goals: Normal
     0 | D:1      | 0 ||| PLANNING D:1-11
   406 | D:1      | Reached XP level 2. HP: 13/16 MP: 3/3
   559 | D:1      | Reached skill level 3 in Ranged Weapons
   588 | D:1      | 588 ||| FLEEEEING.
   687 | D:1      | 687 ||| SWAPPING to +3 shortbow.
   693 | D:1      | 693 ||| DROPPING +1 sling.
  1017 | D:1      | 1017 ||| UPGRADING to +0 helmet.
  1022 | D:1      | 1022 ||| UPGRADING to +2 robe of willpower.
  1032 | D:1      | 1032 ||| DROPPING +0 robe.
  1033 | D:1      | 1033 ||| UPGRADING to +4 ring of protection.
  1034 | D:1      | 1034 ||| READING 3 scrolls labelled HETIAWKE YVEMOJ.
  1038 | D:1      | 1038 ||| READING 2 scrolls labelled APTOSS WU HUIROCA.
  1039 | D:1      | 1039 ||| READING scroll labelled AKLIRO WORCHYEDE.
  1140 | D:1      | 1140 ||| READING 2 scrolls labelled DUFEIMUEBB.
  1141 | D:1      | 1141 ||| READING scroll labelled DIENGO BOMIC.
  1142 | D:1      | 1142 ||| DROPPING scroll of poison.
  1143 | D:1      | 1143 ||| DROPPING scroll of revelation.
  1192 | D:2      | Reached XP level 3. HP: 21/21 MP: 4/4
  1380 | D:2      | Reached XP level 4. HP: 26/26 MP: 5/5
  1399 | D:2      | Found Ymijean's General Store.
  1415 | D:2      | 1415 ||| SHOPLISTING +2 hat (176 gold, have 90).
  1580 | D:2      | 1580 ||| READING scroll labelled JENWIK BOSE.
  1581 | D:2      | 1581 ||| READING scroll labelled UMUCVA OMEGEO.
  1605 | D:3      | Reached skill level 4 in Ranged Weapons
  1606 | D:3      | 1606 ||| STAIRDANCE
  1653 | D:3      | Noticed Jessica
  1659 | D:3      | Killed Jessica
  1660 | D:3      | Reached XP level 5. HP: 30/30 MP: 6/6
  1732 | D:3      | Noticed Robin
  1737 | D:3      | Noticed Terence
  1746 | D:3      | Killed Terence
  1747 | D:3      | Reached skill level 5 in Ranged Weapons
  1751 | D:3      | Killed Robin
  1952 | D:3      | Reached skill level 3 in Fighting
  2018 | D:3      | 2018 ||| Stepping ~*~*~tactically~*~*~ (outnumbered).
  2132 | D:3      | 2132 ||| UPGRADING to +0 pair of boots.
  2137 | D:3      | 2137 ||| READING scroll labelled TOAS PEPNY.
  2138 | D:3      | 2138 ||| DRINKING 2 lumpy purple potions.
  2139 | D:3      | 2139 ||| READING 4 scrolls of identify.
  2139 | D:3      | 2139 ||| IDENTIFYING metallic emerald potion
  2140 | D:3      | 2140 ||| READING 3 scrolls of identify.
  2140 | D:3      | 2140 ||| IDENTIFYING white potion
  2141 | D:3      | 2141 ||| READING 2 scrolls of identify.
  2141 | D:3      | 2141 ||| IDENTIFYING emerald potion
  2142 | D:3      | 2142 ||| DROPPING potion of degeneration.
  2156 | D:4      | Noticed Dowan
  2165 | D:4      | Killed Dowan
  2166 | D:4      | Reached XP level 6. HP: 35/37 MP: 7/7
  2166 | D:4      | Noticed Duvessa
  2171 | D:4      | 2171 ||| STAIRDANCE
  2178 | D:3      | HP: 1/37 [Duvessa/+0 short sword (15)]
  2178 | D:3      | Slain by Duvessa

Levels and vault maps discovered:
D:1:      dreamdust_arrival_sigmund_warning, layout_loops_corners,
          serial_forest, infiniplex_forest_clump_double,
          infiniplex_forest_lined_room_2, infiniplex_forest_side_room,
          infiniplex_forest_clump_tiny, infiniplex_forest_straight_5,
          infiniplex_forest_straight_2, infiniplex_forest_split,
          infiniplex_forest_lined_3_way
D:2:      layout_rooms, serial_shops, nicolae_shop_just_a_little_nook
D:3:      layout_basic, uniq_terence, uniq_robin, uniq_jessica
D:4:      layout_cave_pools, mainiacjoe_overflow_paths,
          mainiacjoe_overflow_catch_the_wave, uniq_duvessa

Skill      XL: |  1  2  3  4  5 |
---------------+----------------+-----
Ranged Weapons | 3 4 5 |  5.7
Fighting       | 2 3 |  3.0
Dodging        | |  1.5
Spellcasting   | |  1.0
Hexes          | |  2.6

Action                     |  1- 3 |  4- 6 || total
---------------------------+-------+-------++-------
   Fire: Sling             |    39 |       ||    39
         Shortbow          |    46 |   134 ||   180
    Use: Scroll            |     5 |     6 ||    11
         Potion            |       |     1 ||     1
 Armour: Robe              |    33 |    53 ||    86
  Dodge: Dodged            |    45 |    65 ||   110

Table legend:
 A = Non-vault XP
 B = Vault XP
 C = Vault XP percentage of total XP
 D = Non-vault monster count
 E = Vault monster count
 F = Vault count percentage of total count
                 A         B        C        D         E       F
            +---------+---------+-------+---------+---------+-------
      Total |     195 |     174 |  47.2 |      62 |      14 |  18.4
            +---------+---------+-------+---------+---------+-------
        D:1 |      26 |       0 |   0.0 |      16 |       0 |   0.0
        D:2 |      72 |       0 |   0.0 |      23 |       0 |   0.0
        D:3 |      95 |     108 |  53.2 |      22 |      13 |  37.1
        D:4 |       2 |      66 |  97.1 |       1 |       1 |  50.0
            +---------+---------+-------+---------+---------+-------
